 Dungeon Crawl Stone Soup version 0.31-a0-198-g2ad674f65e (webtiles) character file.

Game seed: 4069992902443234481

148 Gorgondantess the Trooper (level 5, -5/73 HPs)
             Began as an Armataur Warper on June 25, 2023.
             Slain by Edmund
             ... wielding a +1 flail of holy wrath
              (6 damage)
             ... on level 4 of the Dungeon.
             The game lasted 00:05:52 (2670 turns).

Gorgondantess the Trooper (Armataur Warper)         Turns: 2670, Time: 00:05:52

Health: -5/73      AC:  5    Str: 14    XL:     5   Next: 8%
Magic:  16/16      EV:  9    Int: 16    God:
Gold:   237        SH:  4    Dex:  9    Spells: 3/7 levels left

rFire   + + .        a - +0 mace
rCold   + . .        (no shield)
rNeg    . . .        b - +0 leather armour
rPois   +            (no helmet)
rElec   +            (no cloak)
rCorr   +            q - +0 pair of gloves
SInv    .            (no barding)
Will    .....        (no amulet) Stlth
                     m - ring of magical power
HPRegen 0.32/turn    (no ring)
MPRegen 0.15/turn

%: roll
@: berserking, resistant, invisible, very quick
A: large, rugged brown scales 3, deformed body, armoured tail, roll, long
tongue, awkward tongue, stinger 1, large bone plates 1, fire resistance 1, weak
1
a: no special abilities


You were on level 4 of the Dungeon.
You visited 1 branch of the dungeon, and saw 4 of its levels.

You collected 237 gold pieces.

Inventory:

Hand Weapons
 a - a +0 mace (weapon)
 k - a +1 dagger of speed
Missiles
 d - 7 boomerangs of dispersal (quivered)
 s - 8 boomerangs
 u - 4 poisoned darts
Armour
 b - a +0 leather armour (worn)
 i - a +0 buckler
 q - a +0 pair of gloves (worn)
 r - a +0 ring mail
Jewellery
 m - a ring of magical power (left hand)
Wands
 f - a wand of light (4)
 p - a wand of flame (39)
Scrolls
 c - a scroll of blinking
 l - 2 scrolls of identify {unknown}
 t - a scroll of immolation {unknown}
 v - a scroll of teleportation {unknown}
Potions
 e - a potion of enlightenment
 g - 2 potions of brilliance
 n - a potion of curing
 w - a potion of resistance


   Skills:
 + Level 3.7 Fighting
 - Level 3.5 Maces & Flails
 - Level 0.8 Throwing
 - Level 1.2 Armour
 - Level 1.3 Dodging
 - Level 1.7 Spellcasting
 - Level 3.0 Translocations


You had 3 spell levels left.
You knew the following spells:

 Your Spells              Type           Power      Damage    Failure   Level
a - Blink                 Tloc           22%        N/A       12%         2
b - Lesser Beckoning      Tloc           22%        N/A       12%         2

Your spell library contained the following spells:

 Spells                   Type           Power      Damage    Failure   Level
 Teleport Other           Tloc           11%        N/A       22%         3
 Sublimation of Blood     Necr           1%         N/A       36%         2
 Wereblood                Tmut           1%         N/A       36%         2
 Vhi's Electric Charge    Tloc/Air       12%        N/A       38%         3
 Manifold Assault         Tloc           11%        N/A       58%         4
 Summon Hydra             Summ           0%         N/A       100%        7


Dungeon Overview and Level Annotations

Branches:
Dungeon (4/15)
 Temple: D:4-7

Altars:

Annotations:
D:3 Terence
D:4 Edmund


Innate Abilities, Weirdness & Mutations

You are completely covered in rugged brown scales. (AC +3, +7% HP)
Armour fits poorly on your strangely shaped body.
You have a long armoured tail.
You roll when moving toward enemies. (Rampage)
Your long tongue fully drains potion bottles. (2x potion effects)
Your tongue gives you trouble enunciating. (1.5x scroll delay)
Your tail ends in a venomous barb.
You are partially covered in large bone plates. (SH +4)
Your flesh is heat resistant. (rF+)
You are weak. (Str -2)


Message History

A venomous barb forms on the end of your tail.
You feel resistant to heat.
You feel weaker.
Large bone plates grow over parts of your arms.
You slurp down every last drop of the potion of mutation!
Edmund hits you with a +1 flail of holy wrath.
It was a potion of resistance.
You feel protected.
You slurp down every last drop of the potion of resistance!
Edmund closely misses you.
It was a potion of invisibility.
You fade into invisibility!
You slurp down every last drop of the potion of invisibility!
Edmund hits you with a +1 flail of holy wrath!
* * * LOW HITPOINT WARNING * * *
You barely miss Edmund.
Edmund is moderately wounded.
Edmund hits you with a +1 flail of holy wrath.
* * * LOW HITPOINT WARNING * * *
You barely miss Edmund.
Edmund is moderately wounded.
Edmund hits you with a +1 flail of holy wrath.
* * * LOW HITPOINT WARNING * * *
Edmund barely misses you.
Okay, then.
It was a potion of berserk rage.
A red film seems to cover your vision as you go berserk!
You feel yourself moving faster!
You feel mighty!
You slurp down every last drop of the potion of berserk rage!
Edmund hits you but does no damage.
Unknown command.
You closely miss Edmund.
Edmund is moderately wounded.
Edmund hits you with a +1 flail of holy wrath!
* * * LOW HITPOINT WARNING * * *
You hit Edmund.
Edmund is moderately wounded.
You sock Edmund!
Edmund is heavily wounded.
Edmund hits you with a +1 flail of holy wrath.
You die...

#.# #.# #.# # #.# #.#
#.# ... # #.# #
#..#########.# .#..#
#..........#.# #.#..#
#.....@@....#
.....#############.####
#.#...........# #.#
#.#..########.# #.#
#.#.........#.# #.#
#.##.####.....# #.#
#.#.....#.#.### #.#
#.#..##.#.#.######.#
#.#..##.#..........#


You could see Edmund (unable to see you).

Vanquished Creatures
  A hound (D:4)
  Jessica (D:3)
  4 adders
  2 dart slugs
  An orc (D:3)
  3 endoplasms
  A giant cockroach (D:4)
  7 goblins
  4 hobgoblins
  8 kobolds
  4 quokkas
  4 ball pythons
  7 bats
  3 frilled lizards
  4 rats
54 creatures vanquished.

Notes
Turn   | Place    | Note
-------+----------+-------------------------------------------
     0 | D:1      | Gorgondantess the Armataur Warper began the quest for the
                  | Orb.
     0 | D:1      | Reached XP level 1. HP: 18/18 MP: 3/3
   245 | D:1      | Reached XP level 2. HP: 25/25 MP: 4/4
   252 | D:1      | Learned a level 2 spell: Blink
   774 | D:2      | Reached XP level 3. HP: 26/31 MP: 5/5
  1266 | D:3      | Noticed Terence
  1300 | D:3      | Reached XP level 4. HP: 31/39 MP: 6/6
  1427 | D:3      | Noticed Jessica
  1451 | D:3      | Killed Jessica
  2221 | D:4      | Noticed an orc warrior
  2237 | D:4      | HP: 2/40 [poisoned by an orc wizard]
  2420 | D:4      | Reached XP level 5. HP: 48/48 MP: 7/7
  2428 | D:4      | Learned a level 2 spell: Lesser Beckoning
  2643 | D:4      | Noticed Edmund
  2655 | D:4      | Gained mutation: Your tail ends in a venomous barb. [potion
                  | of mutation]
  2655 | D:4      | Gained mutation: Your flesh is heat resistant. (rF+)
                  | [potion of mutation]
  2655 | D:4      | Gained mutation: You are weak. (Str -2) [potion of
                  | mutation]
  2655 | D:4      | Gained mutation: You are partially covered in large bone
                  | plates. (SH +4) [potion of mutation]
  2668 | D:4      | HP: 1/73 [Edmund/+1 flail of holy wrath (8)]
  2670 | D:4      | Slain by Edmund

Illustrated notes

Levels and vault maps discovered:
D:1:      spicycebolla_arrival_ecumenical, layout_basic, minmay_tromino_v4_c
D:2:      layout_rooms
D:3:      layout_rooms, serial_bayou_ford_a, uniq_terence, uniq_jessica
D:4:      layout_basic, kennysheep_pointless_box, uniq_edmund

Skill      XL: |  1  2  3  4 |
---------------+-------------+-----
Maces & Flails | 2 3 |  3.5
Fighting       | 2 3 |  3.7
Throwing       | |  0.8
Armour         | |  1.2
Dodging        | |  1.3
Spellcasting   | |  1.7
Translocations | |  3.0

Action                     |  1- 3 |  4- 6 || total
---------------------------+-------+-------++-------
  Melee: Mace              |   116 |    61 ||   177
         Tailslap          |     5 |     6 ||    11
         Punch             |     1 |       ||     1
  Evoke: Wand              |     1 |     5 ||     6
    Use: Potion            |       |     8 ||     8
 Armour: Leather armour    |    63 |    24 ||    87
  Dodge: Dodged            |    52 |    29 ||    81

Table legend: (Time is in decaauts)
 A = Elapsed time spent in this place.
 B = Non-inter-level travel time spent in this place.
 C = Inter-level travel time spent in this place.
 D = Time resting spent in this place.
 E = Time spent auto-exploring this place.
 F = Levels seen in this place.
 G = Mean time per level.
                   A        B        C        D        E       F      G
               +--------+--------+--------+--------+--------+-----+--------+
         Total |   2696 |   2554 |    142 |    146 |   1756 |   4 |  674.0 |
       Dungeon |   2696 |   2554 |    142 |    146 |   1756 |   4 |  674.0 |
               +--------+--------+--------+--------+--------+-----+--------+

Top non-repeatable levels by time:
     D:3: 808 daAuts
     D:1: 724 daAuts
     D:2: 608 daAuts
     D:4: 555 daAuts
